[Event "Early Titled Tuesday Blitz | February 8 2022"]
[White "Avila Pavas, Santiago"]
[Black "Redzisz, Michal"]
[WhiteFideId "4437128"]
[BlackFideId "21816107"]
[WhiteElo "2242"]
[BlackElo "1961"]
[Result "0-1"]
[Round "02"]
[TimeControl "180+1"]
[Date "2022.02.08"]
[WhiteClock "0:01:28"]
[BlackClock "0:01:01"]

1. d4 Nf6 2. Nf3 c5 3. d5 e6 4. Nc3 exd5 5. Nxd5 Nxd5 6. Qxd5 d6 7. Bf4 Nc6 8. O-O-O Be6 9. Qh5 Qa5 10. a3 O-O-O 11. e3 Be7 12. Be2 h6 13. Rd2 g6 14. Qxh6 Rxh6 15. Bxh6 b5 16. Ng5 b4 17. Nxe6 fxe6 18. Bg4 bxa3 19. Bxe6+ Kc7 20. Rdd1 axb2+ 21. Kxb2 Bf6+ 22. Kc1 Bc3 0-1


[Site "https://www.chess.com"]

[Event "Early Titled Tuesday Blitz | February 8 2022"]
[White "Bambino Filho, Antonio Carlos"]
[Black "Shuvalova, Polina"]
[WhiteFideId "2113163"]
[BlackFideId "24171760"]
[WhiteElo "2447"]
[BlackElo "2355"]
[Result "1/2-1/2"]
[Round "02"]
[TimeControl "180+1"]
[Date "2022.02.08"]
[WhiteClock "0:00:07"]
[BlackClock "0:00:11"]

1. d4 Nf6 2. c4 e6 3. Nc3 Bb4 4. Qc2 d5 5. cxd5 exd5 6. Bg5 O-O 7. Nf3 Re8 8. e3 h6 9. Bh4 c5 10. dxc5 Nc6 11. Be2 g5 12. Bg3 Ne4 13. O-O Bxc3 14. bxc3 Qe7 15. c4 Qxc5 16. Rac1 Be6 17. Rfd1 Nxg3 18. hxg3 dxc4 19. Bxc4 Bxc4 20. Qxc4 Qxc4 21. Rxc4 Red8 22. Nd4 Rd5 23. Kf1 Rad8 24. Ke2 Ne5 25. Rc7 R8d7 26. Rdc1 Kg7 27. f3 Kf6 28. g4 Ra5 29. Rxd7 Rxa2+ 30. Kf1 Nxd7 31. Rc7 Ne5 32. Rxb7 Nc4 33. Nf5 a5 34. Ra7 Ke5 35. Rxf7 a4 36. Re7+ Kd5 37. e4+ Kc5 38. Nxh6 a3 39. Ra7 Rb2 40. Kg1 a2 41. Kh1 Nd2 42. Nf7 Rb1+ 43. Kh2 a1=Q 44. Rxa1 Rxa1 45. Nxg5 Kd4 46. Kg3 Ra8 47. Ne6+ Ke5 48. Nc5 Rd8 49. f4+ Kf6 50. e5+ Kf7 51. f5 Rd5 52. e6+ Ke7 53. Nd7 Ne4+ 54. Kf4 Nf6 55. Nb6 Rd4+ 56. Kf3 Rxg4 57. Nc8+ Kf8 58. Nd6 Ra4 59. Nf7 Ke7 60. Ne5 Nd5 61. Nc6+ Kf6 62. e7 Nc7 63. g4 Rc4 64. g5+ Kxg5 65. Ne5 Rc3+ 66. Ke4 Kf6 67. Ng6 Kf7 68. Kd4 Rc6 69. Ne5+ Kxe7 70. Nxc6+ Kf6 71. Ke4 Nb5 72. Ne5 Nd6+ 73. Kf4 Nxf5 1/2-1/2


[Site "https://www.chess.com"]

[Event "Early Titled Tuesday Blitz | February 8 2022"]
[White "Batsiashvili, Nino"]
[Black "Serikbay, Assel"]
[WhiteFideId "13602993"]
[BlackFideId "13706799"]
[WhiteElo "2230"]
[BlackElo "2130"]
[Result "1-0"]
[Round "02"]
[TimeControl "180+1"]
[Date "2022.02.08"]
[WhiteClock "0:00:20"]
[BlackClock "0:00:14"]

1. d4 Nf6 2. c4 g6 3. Nc3 d5 4. cxd5 Nxd5 5. e4 Nxc3 6. bxc3 Bg7 7. h3 c5 8. Nf3 Nc6 9. Be3 cxd4 10. cxd4 Qa5+ 11. Bd2 Qa3 12. d5 Ne5 13. Nxe5 Bxe5 14. Bb5+ Bd7 15. Bxd7+ Kxd7 16. Rb1 Qa6 17. f4 Bg7 18. Qg4+ e6 19. dxe6+ fxe6 20. Kf2 Bd4+ 21. Kg3 Qd3+ 22. Kh2 Qxe4 23. Rhe1 Qf5 24. Rxb7+ Kc8 25. Qf3 Qd5 26. Qxd5 exd5 27. Ree7 Bb6 28. Rxh7 Rxh7 29. Rxh7 a5 30. Rg7 Ra6 31. g4 1-0


[Site "https://www.chess.com"]

[Event "Early Titled Tuesday Blitz | February 8 2022"]
[White "Begunov, Konstantin"]
[Black "Coto Mederos, Michel"]
[WhiteFideId "4118510"]
[BlackFideId "3508528"]
[WhiteElo "2262"]
[BlackElo "2427"]
[Result "1-0"]
[Round "02"]
[TimeControl "180+1"]
[Date "2022.02.08"]
[WhiteClock "0:00:12"]
[BlackClock "0:00:04"]

1. d4 d5 2. c4 e6 3. Nc3 Nf6 4. cxd5 exd5 5. Bg5 Be7 6. e3 c6 7. Qc2 O-O 8. Bd3 Nbd7 9. Nf3 Re8 10. O-O Nf8 11. Rab1 g6 12. b4 Ne6 13. Bh4 Ng7 14. b5 Bf5 15. bxc6 bxc6 16. Na4 Rc8 17. Bxf6 Bxf6 18. Nc5 Bxd3 19. Nxd3 Ne6 20. Rfc1 Qa5 21. Rb7 Re7 22. Rcb1 c5 23. R7b5 Qa6 24. Nxc5 Nxc5 25. Rxc5 Rxc5 26. dxc5 Rc7 27. Nd4 Qc4 28. Qxc4 dxc4 29. Rb5 c3 30. Nb3 Rd7 31. Kf1 c2 32. Ke2 Rd1 33. Ra5 c1=Q 34. Nxc1 Rxc1 35. Kd3 Be7 36. Kd4 Rc2 37. f4 Rxg2 38. Rxa7 Bf8 39. c6 Rc2 40. c7 Bc5+ 41. Kd3 1-0


[Site "https://www.chess.com"]

[Event "Early Titled Tuesday Blitz | February 8 2022"]
[White "Bettalli, Francesco"]
[Black "Minina, Veronika"]
[WhiteFideId "2816453"]
[BlackFideId "4174780"]
[WhiteElo "2216"]
[BlackElo "1850"]
[Result "1-0"]
[Round "02"]
[TimeControl "180+1"]
[Date "2022.02.08"]
[WhiteClock "0:00:17"]
[BlackClock "0:00:09"]

1. d4 Nf6 2. Nc3 g6 3. e4 d6 4. Bf4 Bg7 5. Qd2 b6 6. O-O-O Bb7 7. f3 Nbd7 8. h4 h5 9. Nge2 e6 10. Bg5 Qe7 11. Nb5 Rc8 12. Nxa7 Ra8 13. Nb5 Rxa2 14. Kb1 Ra5 15. Nec3 O-O 16. Nxc7 Qd8 17. N7b5 Qa8 18. Na3 Rxa3 19. bxa3 Qxa3 20. Nb5 Qa4 21. Qc3 Ra8 22. Qb2 Bc6 23. Nc3 Qa7 24. Bc4 Ne8 25. Be3 Nc7 26. Bb3 Qa6 27. f4 Bb5 28. e5 dxe5 29. dxe5 Nc5 30. Bxc5 bxc5 31. Rd6 Qa5 32. Ne4 c4 33. Ba2 Nd5 34. c3 Bf8 35. Rxd5 exd5 36. Nf6+ Kg7 37. Nxd5 Ba3 38. Qe2 Rb8 39. Nb4 Bxb4 40. cxb4 Qxb4+ 41. Qb2 Qf8 42. e6+ f6 43. Ka1 Ba4 44. Qd4 Bb3 45. Qd7+ Kg8 46. e7 Qf7 47. Re1 Ra8 48. e8=Q+ Kh7 49. Qdxf7+ Kh6 50. Qxg6# 1-0


[Site "https://www.chess.com"]

[Event "Early Titled Tuesday Blitz | February 8 2022"]
[White "Bifulco, Michel"]
[Black "Sovetbekova, Nurai"]
[WhiteFideId "828580"]
[BlackFideId "13801910"]
[WhiteElo "2165"]
[BlackElo "1545"]
[Result "1-0"]
[Round "02"]
[TimeControl "180+1"]
[Date "2022.02.08"]
[WhiteClock "0:00:30"]
[BlackClock "0:00:02"]

1. d4 Nf6 2. Nc3 d5 3. Bf4 g6 4. h4 h5 5. e3 Bg7 6. Nf3 c5 7. Qd2 Nc6 8. Be2 Bf5 9. Ne5 Qb6 10. O-O-O cxd4 11. exd4 Rc8 12. Kb1 Nb4 13. Rc1 Ne4 14. Nxe4 Bxe4 15. f3 Bxc2+ 16. Ka1 O-O 17. a3 a5 18. Nd7 Qa7 19. Nxf8 Kxf8 20. Bd1 Bxd4 21. Bxc2 Nxc2+ 22. Rxc2 Rc4 23. Rxc4 dxc4 24. Bh6+ Kg8 25. Rd1 e5 26. f4 Qc5 27. Ka2 Qd5 28. Kb1 Qe4+ 29. Qc2 Qd5 30. fxe5 Qxe5 31. Qd2 Qe4+ 32. Ka2 Bf6 33. Bg5 1-0


[Site "https://www.chess.com"]

[Event "Early Titled Tuesday Blitz | February 8 2022"]
[White "Bilan, Danila"]
[Black "Visakh N R"]
[WhiteFideId "24161918"]
[BlackFideId "25012223"]
[WhiteElo "2164"]
[BlackElo "2454"]
[Result "0-1"]
[Round "02"]
[TimeControl "180+1"]
[Date "2022.02.08"]
[WhiteClock "0:00:13"]
[BlackClock "0:02:07"]

1. d4 Nf6 2. Nf3 e6 3. c4 c5 4. Nc3 cxd4 5. Nxd4 d5 6. cxd5 Nxd5 7. Nxd5 Qxd5 8. e3 Nc6 9. Nxc6 Qxc6 10. Qb3 Bd7 11. Bd2 Be7 12. Rc1 Qb6 13. Qxb6 axb6 14. Bc4 Bc6 15. f3 O-O 16. Ke2 Rfc8 17. a3 h5 18. Rc2 Ba4 19. b3 Rxc4 20. Rxc4 Bb5 21. Rc1 Rxa3 22. Rc3 Rxb3 23. Kd3 Rb2 24. e4 Bb4 25. Rc2 Bxc4+ 0-1


[Site "https://www.chess.com"]

[Event "Early Titled Tuesday Blitz | February 8 2022"]
[White "Blokhin, Sofia"]
[Black "Dobre, Claudiu-Cristian"]
[WhiteFideId "4508190"]
[BlackFideId "1211854"]
[WhiteElo "1762"]
[BlackElo "2207"]
[Result "1/2-1/2"]
[Round "02"]
[TimeControl "180+1"]
[Date "2022.02.08"]
[WhiteClock "0:00:03"]
[BlackClock "0:00:04"]

1. e4 Nc6 2. d4 d5 3. e5 Bf5 4. Nc3 e6 5. a3 h6 6. Be3 Nge7 7. Qd2 Qd7 8. Bb5 a6 9. Ba4 Nc8 10. Nge2 Nb6 11. Bb3 Na5 12. Ng3 Bh7 13. O-O Nbc4 14. Bxc4 Nxc4 15. Qc1 Qc6 16. f4 Nxa3 17. f5 Nc4 18. fxe6 fxe6 19. Bf4 Bg6 20. Nge2 O-O-O 21. Bg3 Be7 22. b3 Nb6 23. Qd2 Rhf8 24. Rab1 Rxf1+ 25. Rxf1 Rf8 26. Rxf8+ Bxf8 27. Qf4 Be7 28. Bh4 Bf5 29. Bxe7 Qe8 30. Qh4 Kd7 31. Ng3 Qxe7 32. Qxe7+ Kxe7 33. Nxf5+ exf5 34. Ne2 g5 35. Ng3 Ke6 36. h4 Na8 37. hxg5 hxg5 38. Kf2 c6 39. Kf3 Nc7 40. Nh5 Nb5 41. Ng7+ Kf7 42. Nxf5 Kg6 43. Kg4 Nc3 44. Ne7+ Kf7 45. Nf5 Ne2 46. Kxg5 a5 47. Nh6+ Ke6 48. Nf5 b5 49. Ng7+ Kd7 50. Nf5 a4 51. Kf6 Ke8 52. e6 Nf4 53. e7 Kd7 54. Kf7 Ne6 55. e8=Q+ Kc7 56. Qxe6 Kb6 57. Qe7 axb3 58. Qd6 b2 59. Ne7 b1=Q 60. Qxc6+ Ka5 61. Qa8+ Kb4 62. Nxd5+ Kc4 63. Qc6+ Kxd4 64. Qb6+ Kxd5 65. Qe6+ Kd4 66. Qf6+ Ke3 67. Qe5+ Kd2 68. Qd4+ Kxc2 69. Qe4+ Kb2 70. Qb4+ Kc1 71. Qe1+ Kc2 72. Qe4+ Kc1 73. Qe1+ Kc2 74. Qe4+ 1/2-1/2


[Site "https://www.chess.com"]

[Event "Early Titled Tuesday Blitz | February 8 2022"]
[White "Bommini, Mounika Akshaya"]
[Black "Guseva, Marina"]
[WhiteFideId "25019872"]
[BlackFideId "4149351"]
[WhiteElo "1671"]
[BlackElo "2232"]
[Result "0-1"]
[Round "02"]
[TimeControl "180+1"]
[Date "2022.02.08"]
[WhiteClock "0:00:02"]
[BlackClock "0:00:06"]

1. d4 Nf6 2. c4 e6 3. Nc3 Bb4 4. Qc2 d5 5. a3 Bxc3+ 6. bxc3 c5 7. e3 O-O 8. Nf3 Qa5 9. cxd5 cxd4 10. exd4 exd5 11. Bd3 Re8+ 12. Ne5 Nc6 13. O-O Nxe5 14. dxe5 Rxe5 15. Bf4 Re6 16. Rfe1 Rxe1+ 17. Rxe1 Be6 18. Be5 Rc8 19. h3 Qxa3 20. Re3 Ne4 21. f3 Nf6 22. Bd4 h6 23. Re1 b6 24. f4 Qd6 25. f5 Bd7 26. Be5 Qc5+ 27. Kh1 Ne4 28. Bxe4 dxe4 29. Qxe4 f6 30. Bd4 Qxf5 31. Qe7 Re8 32. Qxe8+ Bxe8 33. Rxe8+ Kh7 34. Re1 Qd5 35. Re7 a5 0-1


[Site "https://www.chess.com"]

[Event "Early Titled Tuesday Blitz | February 8 2022"]
[White "Borisova, Ekaterina"]
[Black "Berdychevskaya, Natasha"]
[WhiteFideId "34124184"]
[BlackFideId "4159322"]
[WhiteElo "2034"]
[BlackElo "1780"]
[Result "0-1"]
[Round "02"]
[TimeControl "180+1"]
[Date "2022.02.08"]
[WhiteClock "0:00:11"]
[BlackClock "0:00:12"]

1. d4 d5 2. c4 dxc4 3. e3 Nf6 4. Bxc4 e6 5. Nf3 c5 6. O-O Nc6 7. dxc5 Qxd1 8. Rxd1 Bxc5 9. a3 a6 10. b4 Be7 11. Bb2 b5 12. Be2 Bb7 13. Nbd2 O-O 14. Nb3 Rad8 15. Rac1 Rxd1+ 16. Bxd1 Nd7 17. Nfd4 Nxd4 18. Bxd4 Rc8 19. Rxc8+ Bxc8 20. Bf3 Kf8 21. Na5 Bf6 22. Bc6 Bxd4 23. Bxd7 Bxd7 24. exd4 Ke7 25. f3 Kd6 26. Kf2 Kd5 27. Ke3 g5 28. Kd3 h5 29. Nb7 Bc8 30. Nd8 f6 31. Nf7 h4 32. Nh6 e5 33. dxe5 Kxe5 34. g3 hxg3 35. hxg3 Kd5 36. Nf7 Bf5+ 37. Ke3 Be6 38. Nh8 Kc4 39. Ng6 Kb3 40. Nf8 Bc8 41. Nh7 Kxa3 42. Nxf6 Kxb4 43. Ne4 g4 44. f4 a5 45. Nd6 Bd7 46. Kd4 a4 47. f5 a3 48. f6 Be6 49. Ke5 Bg8 50. Kf4 a2 51. f7 Bxf7 52. Nxf7 a1=Q 53. Ne5 Qxe5+ 54. Kxe5 Kc4 55. Kf4 b4 56. Kxg4 b3 57. Kf5 b2 58. g4 b1=Q+ 59. Kf6 Qb6+ 60. Kg7 Qc7+ 61. Kh6 Qd6+ 62. Kh5 Qf8 63. g5 Qg8 64. g6 Kd5 65. Kh6 Ke6 66. g7 Kf6 0-1


[Site "https://www.chess.com"]

[Event "Early Titled Tuesday Blitz | February 8 2022"]
[White "Boros, Denes"]
[Black "Salimova, Nurgyul"]
[WhiteFideId "722340"]
[BlackFideId "2915138"]
[WhiteElo "2464"]
[BlackElo "2185"]
[Result "0-1"]
[Round "02"]
[TimeControl "180+1"]
[Date "2022.02.08"]
[WhiteClock "0:00:06"]
[BlackClock "0:00:07"]

1. d4 Nf6 2. Nc3 d5 3. Nf3 Bf5 4. Nh4 Bd7 5. g3 e6 6. Bg2 c5 7. Nf3 Nc6 8. O-O Rc8 9. Bg5 cxd4 10. Nxd4 Nxd4 11. Qxd4 Bc5 12. Qd3 h6 13. Bf4 O-O 14. e4 d4 15. e5 Nh5 16. Ne4 Nxf4 17. gxf4 Qh4 18. Nxc5 Rxc5 19. Qxd4 Bc6 20. Qxc5 Bxg2 21. Qe3 Bxf1 22. Rxf1 Rc8 23. Qe4 b5 24. Re1 Rc4 25. Qa8+ Kh7 26. Qg2 Rxf4 27. h3 Rf5 28. Re3 Qd4 29. c3 Qd1+ 30. Kh2 Qd2 31. Rf3 Rg5 32. Rg3 Qf4 33. Kg1 Qxe5 34. Qf3 Rf5 35. Qd3 g6 36. Re3 Qf4 37. Qe2 Rg5+ 38. Kh1 Qf5 39. Rf3 Qb1+ 0-1


[Site "https://www.chess.com"]

[Event "Early Titled Tuesday Blitz | February 8 2022"]
[White "Bortnyk, Olexandr"]
[Black "Liyanage, Ranindu Dilshan"]
[WhiteFideId "14120828"]
[BlackFideId "9915834"]
[WhiteElo "2723"]
[BlackElo "1858"]
[Result "1-0"]
[Round "02"]
[TimeControl "180+1"]
[Date "2022.02.08"]
[WhiteClock "0:00:05"]
[BlackClock "0:00:14"]

1. e4 e6 2. d4 d5 3. Nc3 Bb4 4. Qd3 dxe4 5. Qxe4 Nf6 6. Qh4 c5 7. Nf3 cxd4 8. Nxd4 O-O 9. Bd3 e5 10. Ne2 Be7 11. Be3 Be6 12. O-O-O Nbd7 13. Ng3 Rc8 14. Nge4 Nd5 15. Ng5 h6 16. Nxd5 Bxg5 17. Bxg5 Qxg5+ 18. Qxg5 hxg5 19. Ne7+ Kh8 20. h4 g4 21. Nxc8 Rxc8 22. Kb1 Nc5 23. h5 e4 24. Be2 f5 25. Rd6 Kg8 26. b4 Bxa2+ 27. Kxa2 Na4 28. Kb3 Nc3 29. Bc4+ 1-0


[Site "https://www.chess.com"]

[Event "Early Titled Tuesday Blitz | February 8 2022"]
[White "Brunner, Nicolas"]
[Black "Osmonbekov, Talaibek"]
[WhiteFideId "620246"]
[BlackFideId "2017253"]
[WhiteElo "2372"]
[BlackElo "2135"]
[Result "1-0"]
[Round "02"]
[TimeControl "180+1"]
[Date "2022.02.08"]
[WhiteClock "0:01:08"]
[BlackClock "0:00:04"]

1. d4 e6 2. Nf3 f5 3. c4 Nf6 4. Nc3 Bb4 5. Qb3 a5 6. g3 O-O 7. Bg2 d6 8. O-O Bxc3 9. Qxc3 Qe8 10. b3 Ne4 11. Qc2 e5 12. Bb2 Nc6 13. Rad1 Bd7 14. e3 Nf6 15. dxe5 dxe5 16. Nxe5 Nxe5 17. Bxe5 Qxe5 18. Bxb7 Rad8 19. Bg2 Be6 20. h3 Ne4 21. Kh2 h5 22. f4 Qc5 23. Bxe4 fxe4 24. Qxe4 Bf5 25. Qf3 Bc2 26. Rd5 Rxd5 27. cxd5 Re8 28. Rc1 Qc3 29. Qf2 Rxe3 30. Rxc2 Qd3 31. Rd2 Qe4 32. h4 Kh7 33. Qg2 Qe7 34. Rc2 Kh8 35. Qd2 1-0


[Site "https://www.chess.com"]

[Event "Early Titled Tuesday Blitz | February 8 2022"]
[White "Budrewicz, Krzysztof"]
[Black "Khoroshev, Nikita"]
[WhiteFideId "1127950"]
[BlackFideId "14200287"]
[WhiteElo "2248"]
[BlackElo "2354"]
[Result "0-1"]
[Round "02"]
[TimeControl "180+1"]
[Date "2022.02.08"]
[WhiteClock "0:00:06"]
[BlackClock "0:00:04"]

1. d4 Nf6 2. c4 e6 3. Nf3 d5 4. Nc3 Bb4 5. e3 O-O 6. Bd2 Nbd7 7. Rc1 c6 8. Bd3 Qe7 9. a3 Bd6 10. cxd5 exd5 11. O-O Ne4 12. Qc2 f5 13. b4 a6 14. Na4 Rb8 15. Nc5 Ndf6 16. Rce1 Ng4 17. h3 Ngf6 18. Bc1 a5 19. Ne5 axb4 20. axb4 Qc7 21. f3 Ng3 22. Rf2 b6 23. Nb3 Bxb4 24. Rd1 c5 25. Bb5 c4 26. Nd2 Bd6 27. Bb2 Ra8 28. Nb1 Ra5 29. Nc3 Bd7 30. Nxd7 Nxd7 31. Nxd5 Qb7 32. Bxd7 Qxd5 33. Rc1 b5 34. Bc3 b4 35. Be1 c3 36. Ba4 Kh8 37. Bb3 Qb7 38. Qd3 Qe7 39. Qc4 h6 40. Qd3 Re8 41. Bc2 Qxe3 42. Qxe3 Rxe3 43. f4 Ne2+ 44. Rxe2 Rxe2 45. Bg3 Rd2 46. Bxf5 Rxf5 0-1


[Site "https://www.chess.com"]

[Event "Early Titled Tuesday Blitz | February 8 2022"]
[White "Bugayev, Vladimir"]
[Black "Golubka, Petro"]
[WhiteFideId "30901480"]
[BlackFideId "14114224"]
[WhiteElo "2365"]
[BlackElo "2392"]
[Result "0-1"]
[Round "02"]
[TimeControl "180+1"]
[Date "2022.02.08"]
[WhiteClock "0:00:21"]
[BlackClock "0:01:38"]

1. e4 c5 2. Nc3 Nc6 3. Bb5 Nd4 4. Nf3 Nxb5 5. Nxb5 a6 6. Nc3 d6 7. d4 cxd4 8. Qxd4 e5 9. Qb4 h6 10. Be3 Nf6 11. O-O-O Qc7 12. Bb6 Qe7 13. Qa5 Bg4 14. Rd3 Rc8 15. Rhd1 Rc6 16. Nd5 Nxd5 17. exd5 Rc8 18. Qa4+ Qd7 19. Qb4 Be7 20. h3 Bf5 21. Rc3 O-O 22. g4 Bg6 23. Ne1 Rxc3 24. Qxc3 Rc8 25. Qb4 Bg5+ 26. Kb1 f5 27. f3 fxg4 28. hxg4 Kh7 29. a4 Bh4 30. Nd3 Bf6 31. a5 e4 32. fxe4 Qxg4 33. Qxd6 Qxd1+ 0-1


[Site "https://www.chess.com"]

[Event "Early Titled Tuesday Blitz | February 8 2022"]
[White "Buscar, Michael"]
[Black "Obolenskikh, Dmitry"]
[WhiteFideId "2603616"]
[BlackFideId "4156013"]
[WhiteElo "2010"]
[BlackElo "2512"]
[Result "1-0"]
[Round "02"]
[TimeControl "180+1"]
[Date "2022.02.08"]
[WhiteClock "0:00:16"]
[BlackClock "0:00:17"]

1. c4 e6 2. Nf3 d5 3. g3 c6 4. b3 Nf6 5. Bb2 Be7 6. Bg2 O-O 7. O-O b6 8. cxd5 cxd5 9. Ne5 Nfd7 10. Nc4 Nc6 11. d3 Bb7 12. Ne3 Rc8 13. Nd2 Bf6 14. Qb1 Nd4 15. Re1 h5 16. Nf3 Nxf3+ 17. Bxf3 h4 18. Ng4 Bc3 19. Rc1 Bxb2 20. Qxb2 Qg5 21. Ne3 hxg3 22. hxg3 Ne5 23. Bg2 Ng6 24. Rxc8 Rxc8 25. Rc1 Qd8 26. Rxc8 Qxc8 27. Qc2 Qd7 28. d4 Ba6 29. Nd1 Ne7 30. Nb2 Nf5 31. e3 Nd6 32. Bf1 Bxf1 33. Kxf1 g6 34. Nd3 Kg7 35. Kg2 Ne4 36. Ne5 Qe7 37. Nc6 Qc7 38. Nb4 Qd6 39. Nd3 Qa3 40. Ne5 Qe7 41. Nc6 Qc7 42. Nb4 Qd6 43. Nd3 a5 44. a4 g5 45. Ne5 Qe7 46. f3 Nf6 47. g4 Nh7 48. Kg3 Qd6 49. Kg2 f6 50. Qg6+ 1-0


[Site "https://www.chess.com"]

[Event "Early Titled Tuesday Blitz | February 8 2022"]
[White "Bychkov, Vladimir"]
[Black "Cherniaiev, Tykhon"]
[WhiteFideId "24151513"]
[BlackFideId "14182360"]
[WhiteElo "2253"]
[BlackElo "2289"]
[Result "0-1"]
[Round "02"]
[TimeControl "180+1"]
[Date "2022.02.08"]
[WhiteClock "0:00:08"]
[BlackClock "0:00:11"]

1. Nf3 Nf6 2. c4 c5 3. g3 Nc6 4. Bg2 g6 5. O-O Bg7 6. Nc3 O-O 7. Ne1 e6 8. e4 d5 9. cxd5 exd5 10. exd5 Nb4 11. Qb3 Bf5 12. h3 Re8 13. g4 Nxg4 14. hxg4 Bxg4 15. a3 Qh4 16. Ne4 Nxd5 17. Qg3 Qh5 18. Qh2 Qxh2+ 19. Kxh2 Nf4 20. d3 Nxg2 21. Kxg2 Rad8 22. f3 Bf5 23. Bg5 Rd5 24. Nf6+ Bxf6 25. Bxf6 Re6 26. Bc3 Re2+ 27. Rf2 Bh3+ 28. Kxh3 Rxf2 29. Kg3 Re2 30. Rd1 Rg5+ 31. Kf4 Rf5+ 32. Kg3 h5 33. d4 Rd5 34. Nd3 cxd4 35. Nf4 Rg5+ 36. Kh4 Ree5 37. Bxd4 Ref5 38. Nh3 Rg2 39. Re1 f6 40. Re7 Rxf3 41. Rxb7 Rg4# 0-1


[Site "https://www.chess.com"]

[Event "Early Titled Tuesday Blitz | February 8 2022"]
[White "Camacho Collados, Jose"]
[Black "Vokhidov, Shamsiddin"]
[WhiteFideId "2265427"]
[BlackFideId "14204223"]
[WhiteElo "2351"]
[BlackElo "2611"]
[Result "0-1"]
[Round "02"]
[TimeControl "180+1"]
[Date "2022.02.08"]
[WhiteClock "0:00:01"]
[BlackClock "0:00:24"]

1. e4 c5 2. Nf3 e6 3. g3 Nc6 4. Bg2 Nf6 5. d3 d5 6. Nbd2 Be7 7. O-O Qc7 8. Re1 b6 9. c3 dxe4 10. dxe4 Bb7 11. a4 O-O 12. Nc4 Rad8 13. Qc2 Ba6 14. Bf4 Qc8 15. Nce5 Nxe5 16. Nxe5 Nd7 17. a5 Nxe5 18. Bxe5 Bd3 19. Qc1 b5 20. a6 g5 21. g4 f6 22. Bg3 e5 23. h3 Rd6 24. Bf1 Rfd8 25. Bxd3 Rxd3 26. Qc2 c4 27. Red1 Bc5 28. Rxd3 Rxd3 29. Kg2 Qc6 30. Qe2 Qd6 31. h4 h6 32. hxg5 hxg5 33. Rh1 Qxa6 34. Qf1 Qb7 35. Qe1 Qd7 36. Rh6 Rd1 37. Qe2 Kg7 38. Qf3 Kxh6 39. Qxf6+ Kh7 40. Qxg5 Rd6 41. Bxe5 Rg6 42. Qh5+ Rh6 43. Qg5 Qf7 44. Bf4 Rg6 45. Qh5+ Kg8 46. Bg3 Bf8 47. Qxb5 Rxg4 48. e5 Qf5 49. Qd5+ Kh7 50. Qb7+ Bg7 51. Qd5 Qe4+ 52. Qxe4+ Rxe4 53. Kf3 Re1 54. Kg4 Re2 55. f4 Rxb2 56. f5 a5 57. f6 Bxf6 58. exf6 Kg6 59. Bd6 Kxf6 60. Kf4 a4 61. Ke4 Ke6 62. Bc5 Rd2 63. Be3 Rd3 64. Bd4 a3 0-1


[Site "https://www.chess.com"]

[Event "Early Titled Tuesday Blitz | February 8 2022"]
[White "Caruana, Fabiano"]
[Black "Beerdsen, Thomas"]
[WhiteFideId "2020009"]
[BlackFideId "1030108"]
[WhiteElo "2744"]
[BlackElo "2585"]
[Result "0-1"]
[Round "02"]
[TimeControl "180+1"]
[Date "2022.02.08"]
[WhiteClock "0:00:06"]
[BlackClock "0:00:13"]

1. Nf3 h6 2. d4 g5 3. e4 g4 4. Ne5 h5 5. Bc4 e6 6. O-O d6 7. Nd3 Bg7 8. e5 dxe5 9. dxe5 Nc6 10. Bf4 Nge7 11. Bb5 Ng6 12. Bxc6+ bxc6 13. Qd2 Ba6 14. Re1 Bxd3 15. cxd3 Qd4 16. Be3 Qxe5 17. Nc3 Qf5 18. Ne4 h4 19. Rac1 h3 20. Rc5 Ne5 21. Bf4 hxg2 22. Ng5 Nf3+ 23. Nxf3 Qxc5 24. Ne5 Qd5 25. Bg3 Rd8 26. Qg5 Bxe5 27. Bxe5 Rf8 28. d4 Kd7 29. Qxg4 Kc8 30. Rc1 f6 31. Bg3 f5 32. Qf4 Rf7 33. Qe3 Rg8 34. Be5 Qe4 35. Qa3 Kb7 36. Qb4+ Ka8 37. Re1 Qd5 38. b3 f4 39. Qc3 f3 40. Rc1 Rd8 41. a4 Rfd7 42. b4 Qxe5 43. dxe5 Rd1+ 44. Qe1 Rxe1+ 45. Rxe1 Rd4 46. b5 cxb5 47. axb5 Rb4 48. h3 Rxb5 49. Kh2 Rb8 50. h4 Rg8 51. Rg1 c5 52. Kh3 c4 53. h5 c3 54. h6 c2 55. h7 Rh8 56. Kg3 Rxh7 57. Kxf3 Rc7 58. Rc1 g1=Q 0-1


[Site "https://www.chess.com"]

[Event "Early Titled Tuesday Blitz | February 8 2022"]
[White "Costachi, Mihnea"]
[Black "Alinasab, Mobina"]
[WhiteFideId "1217518"]
[BlackFideId "12528897"]
[WhiteElo "2464"]
[BlackElo "2061"]
[Result "1-0"]
[Round "02"]
[TimeControl "180+1"]
[Date "2022.02.08"]
[WhiteClock "0:00:27"]
[BlackClock "0:00:01"]

1. e4 c5 2. b3 d5 3. exd5 Qxd5 4. Bb2 Nc6 5. Nc3 Qd8 6. Nf3 e5 7. Bb5 Bg4 8. h3 Bxf3 9. Qxf3 Ne7 10. Ne4 a6 11. Bxe5 axb5 12. Nd6+ Kd7 13. Nxf7 Nxe5 14. Qxb7+ Ke8 15. Nxd8 Rxd8 16. Qxb5+ Kf7 17. f4 N5c6 18. Qxc5 Nd4 19. Qc4+ Kg6 20. O-O-O h6 21. g4 Kh7 22. c3 Ndc6 23. g5 g6 24. f5 Ne5 25. Qe6 Nd3+ 26. Kc2 Nxf5 27. gxh6 Bxh6 28. Rhg1 Rhg8 29. Rxg6 Rxg6 30. Qxf5 Nf4 31. Rg1 Rg8 32. h4 Kh8 33. Rxg6 Nxg6 34. h5 Nf4 35. Qf6+ Kh7 36. a4 Rg2 37. Qf7+ Kh8 38. Qe8+ Kh7 39. Qd7+ Kh8 40. a5 Nxh5 41. Qe8+ Kh7 42. Qe4+ Rg6 43. a6 Nf6 44. Qf5 1-0


[Site "https://www.chess.com"]

[Event "Early Titled Tuesday Blitz | February 8 2022"]
[White "Dauner, Benedikt"]
[Black "Jaivardhan Raj"]
[WhiteFideId "16225899"]
[BlackFideId "25744437"]
[WhiteElo "2230"]
[BlackElo "1375"]
[Result "1-0"]
[Round "02"]
[TimeControl "180+1"]
[Date "2022.02.08"]
[WhiteClock "0:00:17"]
[BlackClock "0:00:22"]

1. d4 d5 2. Nf3 e6 3. g3 Nf6 4. Bg2 c5 5. O-O Nc6 6. c4 Be7 7. dxc5 Bxc5 8. Qc2 Be7 9. b3 O-O 10. Bb2 Rb8 11. Nbd2 Nb4 12. Qc3 Nc6 13. cxd5 exd5 14. Rad1 Bb4 15. Qd3 Be6 16. Ng5 g6 17. Nxe6 fxe6 18. Nf3 Bd6 19. Ng5 Nb4 20. Qd2 Qe7 21. Bh3 e5 22. a3 Nc6 23. Be6+ Kh8 24. Bxd5 Nxd5 25. Qxd5 Qxg5 26. Qxd6 Rbd8 27. Qc7 Rxd1 28. Rxd1 Qf6 29. f4 Kg8 30. Bxe5 Nxe5 31. Qxe5 Qb6+ 32. Kg2 Qxb3 33. Rd7 Rf7 34. Rd8+ Rf8 35. Rxf8+ Kxf8 36. Qh8+ Qg8 37. Qf6+ Qf7 38. Qd8+ Qe8 39. Qd6+ Qe7 40. Qb8+ Kf7 41. Qxa7 Qxe2+ 42. Qf2 Qe4+ 43. Qf3 Qc2+ 44. Kh3 Qc8+ 45. g4 h5 46. Kg3 hxg4 47. Qxg4 Qxg4+ 48. Kxg4 b5 49. Kg5 Kg7 50. h4 Kh7 51. h5 gxh5 52. Kxh5 Kg7 53. Kg5 Kf7 54. Kf5 Ke7 55. Ke5 Kd7 56. f5 Kc6 57. Ke6 Kc5 58. f6 Kc4 59. f7 Kb3 60. f8=Q Ka4 61. Qb4# 1-0


[Site "https://www.chess.com"]

[Event "Early Titled Tuesday Blitz | February 8 2022"]
[White "De Arruda, Leandro Formes"]
[Black "Chen, Justin"]
[WhiteFideId "22722009"]
[BlackFideId "2098199"]
[WhiteElo "1780"]
[BlackElo "2465"]
[Result "0-1"]
[Round "02"]
[TimeControl "180+1"]
[Date "2022.02.08"]
[WhiteClock "0:00:10"]
[BlackClock "0:00:04"]

1. d4 d5 2. Nf3 Bf5 3. e3 e6 4. c4 c6 5. Nc3 Nd7 6. cxd5 exd5 7. Be2 Bd6 8. O-O Ngf6 9. a3 O-O 10. b4 a6 11. Na4 Ne4 12. Bb2 Re8 13. Nc5 Rb8 14. a4 Qf6 15. Ra2 Qh6 16. Nxd7 Bxd7 17. b5 axb5 18. axb5 Bg4 19. g3 Bh3 20. Re1 Nxf2 21. Qd2 Ng4 22. Bc1 Nf6 23. Bf1 Ne4 24. Qd3 Bg4 25. Bg2 Re6 26. Nd2 Bf5 27. Nxe4 Bxe4 28. Bxe4 Rxe4 29. bxc6 bxc6 30. Ra7 Qe6 31. Rf1 Rf8 32. Qc2 Bb8 33. Rb7 h5 34. Qb1 Bd6 35. Qc2 h4 36. Qxc6 hxg3 37. hxg3 Qg6 38. Qxd6 Qxd6 39. Rf3 Re6 40. Rb6 Qxb6 41. Kf1 Qc7 42. Kg2 Qd7 43. Rf2 Rfe8 44. Rxf7 Qxf7 45. Bd2 Rxe3 46. Be1 Re2+ 47. Bf2 Qxf2+ 48. Kh3 Qh2+ 49. Kg4 R8e4+ 50. Kg5 Qh6+ 51. Kf5 Rf2# 0-1


[Site "https://www.chess.com"]